 Dungeon Crawl Stone Soup version 0.24.0-13-gcf9b319 (webtiles) character file.

Game seed: 10676764904683403690, levelgen mode: deterministic

1514 Fang the Skirmisher (level 8, -4/52 HPs)
             Began as a Gargoyle Berserker on Dec 10, 2019.
             Was an Elder of Trog.
             Slain by an ogre
             ... wielding a +0 giant spiked club
              (13 damage)
             ... on level 6 of the Dungeon.
             The game lasted 00:05:58 (5398 turns).

Fang the Skirmisher (Gargoyle Berserker)            Turns: 5398, Time: 00:05:59

Health: -4/52      AC: 18    Str: 23    XL:     8   Next: 83%
Magic:  8/8        EV:  8    Int:  8    God:    Trog [****..]
Gold:   379        SH:  0    Dex:  9    Spells: 7/7 levels left

rFire    . . .     SeeInvis .   a - +0 hand axe
rCold    . . .     Gourm    .   (no shield)
rNeg     + . .     Faith    .   b - +0 plate armour (curse)
rPois    ∞         Spirit   .   (no helmet)
rElec    +         Reflect  .   (no cloak)
rCorr    .         Harm     .   (no gloves)
MR       ++...                  (no boots)
Stlth    ..........             (no amulet)
HPRegen  1.17/turn              o - ring of stealth
MPRegen  0.11/turn              (no ring)

@: berserk cooldown, regenerating, slowed, very slow
A: negative energy resistance 1, electricity resistance, unbreathing,
petrification resistance, rot immunity, AC +5
a: Berserk, Trog's Hand, Brothers in Arms, Renounce Religion


You were on level 6 of the Dungeon.
You worshipped Trog.
Trog was greatly pleased with you.
You were not hungry.

You visited 1 branch of the dungeon, and saw 6 of its levels.
You also visited: Sewer.

You collected 379 gold pieces.

Inventory:

Hand Weapons
 a - a +0 hand axe (weapon)
Armour
 b - a cursed +0 plate armour (worn)
Jewellery
 o - a ring of stealth (left hand)
Wands
 w - a wand of flame (18)
Scrolls
 d - 5 scrolls of magic mapping {unknown}
 f - 6 scrolls of teleportation {unknown}
 g - a scroll of enchant armour {unknown}
 h - 3 scrolls of identify {unknown}
 i - 2 scrolls of fear {unknown}
 j - 6 scrolls of remove curse {unknown}
 l - 3 scrolls of immolation {unknown}
 u - a scroll of fog {unknown}
 v - 2 scrolls of amnesia {unknown}
Potions
 e - 2 potions of magic {unknown}
 k - 4 potions of curing
 n - 2 potions of agility {unknown}
 p - 3 potions of might {unknown}
 q - a potion of mutation {unknown}
 r - 3 potions of berserk rage {unknown}
 s - a potion of flight {unknown}
 t - a potion of ambrosia {unknown}
Comestibles
 c - 8 rations


   Skills:
 + Level 6.7 Fighting
 + Level 5.5 Axes
 + Level 6.2 Armour
 + Level 4.6 Dodging


You had 7 spell levels left.
You didn't know any spells.
Your spell library was empty.

Dungeon Overview and Level Annotations

Branches:
Dungeon (6/15)              Sewer (visited)
 Temple: D:4-7

Altars:
Ashenzari
Dithmenos
Gozag
Okawaru
Ru
Vehumet

Shops:
D:5 (


Innate Abilities, Weirdness & Mutations

You are resistant to torment.
Your stone body is resilient. (AC +5)
You are immune to poison.
You resist negative energy. (rN+)
You are resistant to electric shocks. (rElec)
You can survive without breathing.
You are immune to petrification.
You are immune to rotting.


Message History

The centaur skeleton hits you.
The ogre hits you with a +0 giant spiked club!!
* * * LOW HITPOINT WARNING * * *
You are too injured to fight recklessly!
You barely miss the ogre.
The ogre is moderately wounded.
You closely miss something. You hit the bullfrog skeleton.
You hit the centaur skeleton. You hit the ogre but do no damage.
The bullfrog skeleton hits you but does no damage.
Something hits you.
* * * LOW HITPOINT WARNING * * *
Something shocks you. You resist.
* * * LOW HITPOINT WARNING * * *
The centaur skeleton hits you but does no damage.
The ogre completely misses you.
The bullfrog skeleton hits you but does no damage.
Something hits you but does no damage. The centaur skeleton hits you.
* * * LOW HITPOINT WARNING * * *
The ogre hits you with a +0 giant spiked club!
You die...

<# .# .# .# .# ######
##### .##
#....#####...######
..#
#....+.............
..####....##...).....#
....##....##...{@O##.#
....##....##...ZZO<..#
..........##......####
..........(.......+
..................##
...........(.........
............()...#.#.#
........w..))).....# #
........#...)....##.


You could see 2 ogres, a bullfrog skeleton and a centaur skeleton.

Vanquished Creatures
  2 ice beasts (D:5)
  A centaur (D:6)
  An ogre (D:4)
  4 big kobolds (Sewer)
  A bullfrog (D:4)
  A scorpion (D:5)
  4 wights (D:6)
  3 crimson imps
  3 hounds (D:4)
  2 orc priests (D:3)
  A worker ant (D:5)
  Robin (D:4)
  3 gnolls (D:5)
  11 adders
  A white imp (D:4)
  9 oozes
  9 worms
  3 leopard geckos
  5 orcs
  2 giant cockroaches (D:1)
  13 goblins
  7 hobgoblins
  21 jackals
  5 ball pythons
  6 bats
  6 frilled lizards
  18 kobolds
  12 rats
155 creatures vanquished.

Notes
Turn   | Place    | Note
-------+----------+-------------------------------------------
     0 | D:1      | Fang the Gargoyle Berserker began the quest for the Orb.
     0 | D:1      | Reached XP level 1. HP: 14/14 MP: 1/1
   230 | D:1      | Reached XP level 2. HP: 16/19 MP: 2/2
   421 | D:1      | Reached XP level 3. HP: 21/23 MP: 3/3
   738 | D:2      | Reached ** piety under Trog
  1036 | D:2      | Found an opulent altar of Gozag.
  1040 | D:2      | Found an iron altar of Okawaru.
  1043 | D:2      | Found a shadowy altar of Dithmenos.
  1143 | D:2      | Reached XP level 4. HP: 28/29 MP: 4/4
  1536 | D:2      | Reached XP level 5. HP: 27/33 MP: 5/5
  2056 | D:3      | Reached *** piety under Trog
  2189 | D:3      | HP: 1/34 [orc/+0 flail (7)]
  2197 | D:3      | Reached XP level 6. HP: 6/39 MP: 6/6
  2434 | D:3      | Found a sacrificial altar of Ru.
  2564 | D:3      | Found a shattered altar of Ashenzari.
  2886 | D:4      | Noticed Robin
  2904 | D:4      | Killed Robin
  2999 | D:4      | Reached skill level 5 in Fighting
  2999 | D:4      | Reached XP level 7. HP: 31/44 MP: 7/7
  3172 | D:4      | Found a glowing drain.
  3195 | Sewer    | Entered a sewer
  3560 | Sewer    | Reached skill level 5 in Armour
  3580 | Sewer    | Reached **** piety under Trog
  3716 | Sewer    | Reached XP level 8. HP: 41/51 MP: 8/8
  4350 | D:5      | Entered Level 5 of the Dungeon
  4413 | D:5      | Reached skill level 5 in Axes
  4876 | D:5      | Found a radiant altar of Vehumet.
  5018 | D:5      | Found Vosoas's Weapon Boutique.
  5398 | D:6      | Slain by an ogre

Levels and vault maps discovered:
D:1:      dpeg_arrival_tiny_a, layout_basic
D:2:      layout_loops_ring, grunt_temple_overflow_open
D:3:      layout_rooms, lemuel_coloured_pillars_altar,
          overflow_temple_1_default, first_ration
D:4:      layout_loops_ring, cheibrodos_sewer_entry_bend,
          minmay_fire_ice_demons, uniq_robin
D:5:      layout_basic, vehumet_altar_wand_db, serial_shops, shop
D:6:      layout_basic, grunt_qazlal_clouds, kennysheep_slug_shrine,
          lemuel_doored_altar

Skill      XL: |  1  2  3  4  5  6  7  8 |
---------------+-------------------------+-----
Axes           | 3 4 5 |  5.5
Dodging        | 2 3 4 |  4.6
Fighting       | 4 5 6 |  6.7
Armour         | 3 4 5 6 |  6.2

Action                   |  1- 3 |  4- 6 |  7- 9 || total
-------------------------+-------+-------+-------++-------
Melee: Hand axe          |   130 |   276 |   470 ||   876
Invok: Berserk           |     1 |     3 |     3 ||     7
       Trog's Hand       |       |     1 |     1 ||     2
 Stab: Sleeping          |       |     1 |       ||     1
  Eat: Chunk             |     1 |    10 |    10 ||    21
       Ration            |       |       |     1 ||     1
Armor: Animal skin       |    52 |    65 |       ||   117
       Chain mail        |       |    53 |   183 ||   236
       Plate armour      |       |       |   156 ||   156
Dodge: Dodged            |    82 |   198 |   203 ||   483
